 Dungeon Crawl Stone Soup version 0.29-a0-284-gf9362112df (webtiles) character file.

Game seed: 18230851108791213363

90 spaghetti the Sneak (level 4, -13/35 HPs)
             Began as a Demigod Wanderer on Mar 22, 2022.
             Mangled by a gnoll shaman
             ... wielding a +2 whip of electrocution
              (18 damage)
             ... on level 3 of the Dungeon.
             The game lasted 00:03:41 (2500 turns).

spaghetti the Sneak (Demigod Wanderer)              Turns: 2500, Time: 00:03:41

Health: -13/35     AC:  5    Str: 15    XL:     4   Next: 11%
Magic:  6/6        EV: 12    Int: 11    God:
Gold:   58         SH:  0    Dex: 18    Spells: 3/3 levels left

rFire   . . .      SeeInvis .   b - +0 whip (elec) {mace}
rCold   . . .      Faith    .   (no shield)
rNeg    . . .      Spirit   .   e - +0 leather armour
rPois   .          Reflect  .   c - +0 helmet
rElec   .          Harm     .   (no cloak)
rCorr   .          Rampage  .   (no gloves)
Will    .....                   l - +0 pair of boots
Stlth   +++.......              (no amulet)
HPRegen 0.11/turn               (no ring)
MPRegen 0.10/turn               (no ring)

@: no status effects
A: high MP 1, forlorn, divine attributes
a: no special abilities


You were on level 3 of the Dungeon.
You visited 1 branch of the dungeon, and saw 4 of its levels.

You collected 103 gold pieces.
You spent 45 gold pieces at shops.


Innate Abilities, Weirdness & Mutations

You have an increased reservoir of magic. (+10% MP)
You shall have no god before yourself.
Your divine heritage dramatically boosts your attributes as you level up.


   Skills:
 - Level 1.3 Fighting
 - Level 1.7 Polearms
 - Level 2.6 Bows
 - Level 1.0 Armour
 - Level 2.6 Dodging
 + Level 3.8 Stealth


You had 3 spell levels left.
You didn't know any spells.
Your spell library contained the following spells:

 Spells                   Type           Power      Damage    Failure   Level
 Magic Dart               Conj           0%         1d3       41%         1
 Corpse Rot               Necr/Air       0%         N/A       54%         2
 Searing Ray              Conj           0%         2d4       54%         2
 Dispel Undead            Necr           0%         3d6       99%         4
 Fulminant Prism          Conj/Hex       0%         3d6       99%         4
 Death Channel            Necr           0%         N/A       100%        6

Inventory:

Hand Weapons
 a - a +2 shortbow {bow}
 b - a +0 whip of electrocution (weapon) {mace}
   (You found it on level 1 of the Dungeon)
 h - a +0 spear {polearm}
 o - a +1 flail of protection {mace}
   (You took it off an orc on level 3 of the Dungeon)
Missiles
 f - 70 stones {throwing}
Armour
 c - a +0 helmet (worn)
 e - a +0 leather armour (worn)
 l - a +0 pair of boots (worn)
   (You bought it in a shop on level 2 of the Dungeon)
Scrolls
 g - 4 scrolls of teleportation {@r4}
 j - 2 scrolls of fog {unknown}
 k - 3 scrolls of identify {unknown}
Potions
 d - a potion of attraction {!q}
 i - a potion of might {unknown}
 m - 2 potions of heal wounds {unknown}
 n - a potion of brilliance {unknown}
 p - a potion of degeneration {unknown}
 q - a potion of curing {@q1}

Dungeon Overview and Level Annotations

Branches:
Dungeon (4/15)
 Temple: D:4-7

Shops:
D:2

*!([ ....................#
...).....##.........#
###....#.##.........#
#....#.####..#.####
#....#.# #....#
#....#.####.#..#
###....#.#....#..#
.......#.#.#####.##########
....####.#......@g........#
....####.#..........#####.#
..........#.#####.#.# #.#
....####....# #.#.# #.#
..........### #.#.# #.#
....#############.#.# #.#
#.###.............#.#####.#
#.# #.#############.......#
#.# #.# #########


You could see a gnoll shaman.


Message History

f - 70 stones {throwing} (gained 7)
You see here a +0 spear {polearm}.
Key pressed, stopping explore.
Key pressed, stopping explore.
There is a shaft here.
Found a faded altar of an unknown god.
The ball python hisses angrily.
A ball python is nearby!
A ball python is nearby!
(D) Dungeon
Where to? (Enter - D:3, ? - help)
A ball python is nearby!
Unknown command.
Unknown command.
Unknown command.
(D) Dungeon
Where to? (Enter - D:4, ? - help)
A ball python is nearby!
Your line of fire to the ball python is blocked by a plant.
Continue anyway? [Y]es or [N]o only, please.
Your line of fire to the ball python is blocked by a plant.
Continue anyway?
Okay, then.
You shoot an arrow. The arrow hits the ball python.
You shoot an arrow.
The arrow closely misses the ball python.
The arrow hits the fungus.
The fungus begins to die.
The ball python bites you but does no damage.
The ball python grabs you. The ball python constricts you.
You shoot an arrow. The arrow hits the ball python!
You kill the ball python!
No target in view!
(D) Dungeon
Where to? (Enter - D:4, ? - help)
There is a shaft here.
There is an open door here.
There is a stone staircase leading down here.
You climb downwards.
There is a stone staircase leading up here.
Key pressed, stopping travel.
Unknown command.
Unknown command.
A gnoll shaman and a gnoll come into view.
The gnoll shaman is wielding a +2 whip of electrocution.
There are monsters nearby!
There are monsters nearby!
There are monsters nearby! 2 gnolls come into view.
The gnoll shaman shouts!
The gnoll shouts! x2
A gnoll comes into view. It is wielding a +0 spear.
The gnoll shouts! x2
You shoot an arrow. The arrow barely misses the gnoll.
The arrow hits the gnoll.
You shoot an arrow. The arrow hits the gnoll!
You shoot an arrow. The arrow hits the gnoll shaman.
You shoot an arrow. The arrow closely misses the gnoll.
The gnoll misses you.
The gnoll shaman calls upon its god to heal the gnoll.
The gnoll's wounds heal themselves!
You shoot an arrow. The arrow hits the gnoll!
You kill the gnoll!
The gnoll hits you from afar with a +0 spear!
The gnoll hits you but does no damage.
The gnoll shaman hits you with a +2 whip of electrocution!
* * * LOW HITPOINT WARNING * * *
The gnoll barely misses you. The gnoll completely misses you.
You have reached level 4! 😨 HP[-14] MP[+1]
You now have 35 max hp (+7).
You take 14 damage, and now have 14/35 hp.
MASSIVE DAMAGE!! (PAUSE)
Your mp is fully restored (6).
There is a stone staircase leading up here.
The gnoll shaman hits you with a +2 whip of electrocution.
* * * LOW HITPOINT WARNING * * *
You climb upwards.
There is a stone staircase leading down here. 😨 HP[-2]
You take 2 damage, and now have 12/35 hp.
Unknown command.
Unknown command.
You hear the crackle of electricity.
b - a +0 whip of electrocution (weapon)
{mace} 😨 HP[+1]
You hit the gnoll shaman but do no damage.
Lightning courses through the gnoll shaman!
The gnoll shaman misses you.
You barely miss the gnoll shaman.
The gnoll shaman mumbles some strange prayers to its god against you.
You resist with some effort.
You barely miss the gnoll shaman.
The gnoll shaman mumbles some strange prayers to its god.
The gnoll shaman is healed somewhat.
You hit the gnoll shaman.
The gnoll shaman hits you with a +2 whip of electrocution.
* * * LOW HITPOINT WARNING * * *
The gnoll shaman hits you with a +2 whip of electrocution.
* * * LOW HITPOINT WARNING * * *
You are electrocuted!!
Ouch! That really hurt!
You die...

Skill      XL: |  1  2  3 |
---------------+----------+-----
Stealth        | 1 2 3 |  3.8
Fighting       | |  1.3
Polearms       | |  1.7
Bows           | |  2.6
Armour         | |  1.0
Dodging        | |  2.6

Action                   |  1- 3 |  4- 6 || total
-------------------------+-------+-------++-------
Melee: Whip              |       |     4 ||     4
 Fire: Shortbow          |    96 |       ||    96
  Use: Potion            |     1 |       ||     1
       Scroll            |     2 |       ||     2
Armor: Leather armour    |    10 |       ||    10
Dodge: Dodged            |    22 |     1 ||    23

Levels and vault maps discovered:
D:1:      heliophobic_arrival_dark_side_of_the_moon, layout_loops_ring
D:2:      layout_basic, serial_shops, shop, shop, shop, shop
D:3:      layout_basic, nicolae_overflow_hidden_temple,
          shapermc_ecumenical_altar_mp_ritualfount
D:4:      layout_cave_pools, serial_shops, shop, gammafunk_ghost_cemetery,
          uniq_natasha

Notes
Turn   | Place    | Note
-------+----------+-------------------------------------------
     0 | D:1      | spaghetti the Demigod Wanderer began the quest for the Orb.
     0 | D:1      | spaghetti set off with the following items: a +2 shortbow
                  | {bow}, a +0 spear {polearm}, a +0 helmet, a potion of
                  | attraction {!q}, a +0 leather armour
     0 | D:1      | Reached XP level 1. HP: 16/16 MP: 3/3
     0 | D:1      | magus.rc [v1.9.6]
   225 | D:1      | Reached skill level 1 in Stealth
   246 | D:1      | Reached XP level 2. HP: 23/23 MP: 4/4
   373 | D:1      | Reached skill level 2 in Stealth
   562 | D:2      | Found Paixel's General Store.
   581 | D:2      | Found Fymery's Distillery.
   771 | D:2      | Found Lofamyede's Antique Weapon Shoppe.
   804 | D:2      | Reached XP level 3. HP: 22/28 MP: 5/5
   993 | D:2      | Found Rugay's Armour Shop.
  1000 | D:2      | Bought a +0 pair of boots for 45 gold pieces
  1579 | D:3      | You pick up a book of Decay and begin reading...
  1579 | D:3      | You add the spells Corpse Rot, Dispel Undead and Death
                  | Channel to your library.
  2020 | D:3      | Reached skill level 3 in Stealth
  2080 | D:3      | You pick up a book of Conjurations {@e2} and begin
                  | reading...
  2080 | D:3      | You add the spells Magic Dart, Searing Ray and Fulminant
                  | Prism to your library.
  2492 | D:4      | Reached XP level 4. HP: 14/35 MP: 6/6
  2500 | D:3      | HP: 7/35 [gnoll shaman/+2 whip of electrocution (6)]
  2500 | D:3      | Mangled by a gnoll shaman

Vanquished Creatures
  An orc wizard (D:3)
  An adder (D:2)
  A gnoll (D:4)
  A worm (D:3)
  A dart slug (D:2)
  3 orcs (D:3)
  4 ball pythons
  6 endoplasms
  2 giant cockroaches
  5 goblins
  3 hobgoblins
  A quokka (D:3)
  A frilled lizard (D:1)
  4 kobolds
  6 rats
40 creatures vanquished.

Vanquished Creatures (others)
  A fungus (D:3)
1 creature vanquished.

Grand Total: 41 creatures vanquished

Table legend:
 A = Non-vault XP
 B = Vault XP
 C = Vault XP percentage of total XP
 D = Non-vault monster count
 E = Vault monster count
 F = Vault count percentage of total count
                 A         B        C        D         E       F
            +---------+---------+-------+---------+---------+-------
      Total |     129 |       0 |   0.0 |      40 |       0 |   0.0
            +---------+---------+-------+---------+---------+-------
        D:1 |      27 |       0 |   0.0 |      16 |       0 |   0.0
        D:2 |      29 |       0 |   0.0 |      11 |       0 |   0.0
        D:3 |      59 |       0 |   0.0 |      12 |       0 |   0.0
        D:4 |      14 |       0 |   0.0 |       1 |       0 |   0.0
            +---------+---------+-------+---------+---------+-------

Illustrated notes

Table legend:
 A = Kills in this place as a percentage of kills in entire the game.
 B = Kills by you in this place as a percentage of kills by you in the entire game.
 C = Kills by friends in this place as a percentage of kills by friends in the entire game.
 D = Other kills in this place as a percentage of other kills in the entire game.
 E = Experience gained in this place as a percentage of experience gained in the entire game.
 F = Experience gained in this place divided by the number of levels of this place that you have seen.
                   A       B       C       D       E      F
               +-------+-------+-------+-------+-------+----------------------
         Total | 100.0 | 100.0 |   N/A |   N/A | 100.0 |  32.2
       Dungeon | 100.0 | 100.0 |   N/A |   N/A | 100.0 |  32.2
               +-------+-------+-------+-------+-------+----------------------

Table legend: (Time is in decaauts)
 A = Elapsed time spent in this place.
 B = Non-inter-level travel time spent in this place.
 C = Inter-level travel time spent in this place.
 D = Time resting spent in this place.
 E = Time spent auto-exploring this place.
 F = Levels seen in this place.
 G = Mean time per level.
                   A        B        C        D        E       F      G
               +--------+--------+--------+--------+--------+-----+--------+
         Total |   2537 |   2354 |    183 |    200 |   1907 |   4 |  634.2 |
       Dungeon |   2537 |   2354 |    183 |    200 |   1907 |   4 |  634.2 |
               +--------+--------+--------+--------+--------+-----+--------+

Top non-repeatable levels by time:
     D:2: 980 daAuts
     D:3: 978 daAuts
     D:1: 564 daAuts
     D:4: 13 daAuts
